PL
AUSTIN RANGERS @ WIZARDING EXPRESS
09/13/2027
 
TOP OF THE 1ST
Austin Rangers batting - Pitching for Wizarding Express : RHP Ralph McKinney
Pitching: RHP Ralph McKinney
Batting: RHB Miguel Morán 0-0: Fly out, F7 (Flyball, 7)
Batting: LHB Héctor Cortéz 0-0: Ball
1-0: Ball
2-0: Ball
3-0: Called Strike
3-1: Swinging Strike
3-2: Ground out U3 (Groundball, 34)
Batting: LHB Count Dante 0-0: Called Strike
0-1: Ball
1-1: Called Strike
1-2: Strikes out swinging
Top of the 1st over - 0 run(s), 0 hit(s), 0 error(s), 0 left on base; Austin 0 - Wizarding 0
BOTTOM OF THE 1ST
Wizarding Express batting - Pitching for Austin Rangers : RHP Art Adams
Pitching: RHP Art Adams
Batting: RHB António Martínez 0-0: Ball
1-0: Ball
2-0: Ball
3-0: Base on Balls
Batting: RHB Rafael Arredondo 0-0: Ball
1-0: Fly out, F6 (Line Drive, 6M)
Batting: SHB Salvador Trevino 0-0: Called Strike
0-1: Ball
1-1: Ball
2-1: Fly out, F8 (Flyball, 8LS)
Batting: LHB Nathan Tanner 0-0: Ball
1-0: Ball
2-0: Fly out, F8 (Flyball, 8LM)
Bottom of the 1st over - 0 run(s), 0 hit(s), 0 error(s), 1 left on base; Austin 0 - Wizarding 0
TOP OF THE 2ND
Austin Rangers batting - Pitching for Wizarding Express : RHP Ralph McKinney
Batting: LHB Jesús Reyes 0-0: Swinging Strike
0-1: Ball
1-1: Swinging Strike
1-2: Ball
2-2: Foul Ball, location: 2F
2-2: Strikes out looking
Batting: RHB Jeff Green 0-0: Fly out, F6 (Popup, 6D)
Batting: RHB Tony Hernández 0-0: Ball
1-0: Called Strike
1-1: Swinging Strike
1-2: Strikes out swinging
Top of the 2nd over - 0 run(s), 0 hit(s), 0 error(s), 0 left on base; Austin 0 - Wizarding 0
BOTTOM OF THE 2ND
Wizarding Express batting - Pitching for Austin Rangers : RHP Art Adams
Batting: LHB John Brewer 0-0: Fly out, F8 (Flyball, 89S)
Batting: LHB António Boccanegra 0-0: Ball
1-0: Called Strike
1-1: Ball
2-1: Ball
3-1: Ground out 3-1 (Groundball, 34S)
Batting: LHB Kyung-chor Pang 0-0: Ball
1-0: Swinging Strike
1-1: Foul Ball, location: 2F
1-2: Ball
2-2: Hit by Pitch
Batting: LHB José Corona 0-0: Ball
1-0: Ground out U3 (Groundball, 3)
Bottom of the 2nd over - 0 run(s), 0 hit(s), 0 error(s), 1 left on base; Austin 0 - Wizarding 0
TOP OF THE 3RD
Austin Rangers batting - Pitching for Wizarding Express : RHP Ralph McKinney
Batting: RHB Matt Sheppard 0-0: SINGLE (Groundball, 34D)
Batting: RHB Rodney Hanna 0-0: Swinging Strike
0-1: Ball
1-1: Foul Ball, location: 2F
1-2: Ball
2-2: Strikes out swinging
Batting: SHB Carlos Kramer 0-0: Swinging Strike
0-1: Foul Ball, location: 2F
0-2: Ball
1-2: Foul Ball, location: 2F
1-2: Strikes out swinging
Batting: RHB Miguel Morán 0-0: Fly out, F3 (Line Drive, 34)
Top of the 3rd over - 0 run(s), 1 hit(s), 0 error(s), 1 left on base; Austin 0 - Wizarding 0
BOTTOM OF THE 3RD
Wizarding Express batting - Pitching for Austin Rangers : RHP Art Adams
Batting: SHB Emílio Gonzáles 0-0: Ball
1-0: Foul Ball, location: 2F
1-1: Ball
2-1: Swinging Strike
2-2: Foul Ball, location: 2F
2-2: Strikes out swinging
Batting: RHB António Martínez 0-0: Ball
1-0: Ball
2-0: Ball
3-0: Ground out 6-3 (Groundball, 6)
Batting: RHB Rafael Arredondo 0-0: Ball
1-0: Ball
2-0: Fly out, F7 (Line Drive, 7)
Bottom of the 3rd over - 0 run(s), 0 hit(s), 0 error(s), 0 left on base; Austin 0 - Wizarding 0
TOP OF THE 4TH
Austin Rangers batting - Pitching for Wizarding Express : RHP Ralph McKinney
Batting: LHB Héctor Cortéz 0-0: Called Strike
0-1: Ball
1-1: Ball
2-1: Fly out, F7 (Flyball, 7S)
Batting: LHB Count Dante 0-0: Swinging Strike
0-1: Ball
1-1: Called Strike
1-2: Ball
2-2: Ball
3-2: SOLO HOME RUN (Flyball, 78XD), Distance : 369 ft
Batting: LHB Jesús Reyes 0-0: Ball
1-0: Ball
2-0: SINGLE (Flyball, 9S)
Batting: RHB Jeff Green 0-0: Foul Ball, location: 2F
0-1: Ball
1-1: Swinging Strike
1-2: Ball
2-2: Ball
Wild Pitch!
Jesús Reyes to second
3-2: Strikes out swinging
Batting: RHB Tony Hernández 0-0: Called Strike
0-1: Foul Ball, location: 2F
0-2: Ground out 5-3 (Groundball, 56)
Top of the 4th over - 1 run(s), 2 hit(s), 0 error(s), 1 left on base; Austin 1 - Wizarding 0
BOTTOM OF THE 4TH
Wizarding Express batting - Pitching for Austin Rangers : RHP Art Adams
Batting: SHB Salvador Trevino 0-0: Ball
1-0: Ball
2-0: Foul Ball, location: 2F
2-1: Ball
3-1: Foul Ball, location: 2F
3-2: Foul Ball, location: 2F
3-2: Strikes out swinging
Batting: LHB Nathan Tanner 0-0: Ball
1-0: Swinging Strike
1-1: Foul Ball, location: 2F
1-2: Ball
2-2: Strikes out swinging
Batting: LHB John Brewer 0-0: Ball
1-0: Foul Ball, location: 2F
1-1: Foul Ball, location: 2F
1-2: Ball
2-2: Ground out 3-1 (Groundball, 34)
Bottom of the 4th over - 0 run(s), 0 hit(s), 0 error(s), 0 left on base; Austin 1 - Wizarding 0
TOP OF THE 5TH
Austin Rangers batting - Pitching for Wizarding Express : RHP Ralph McKinney
Batting: RHB Matt Sheppard 0-0: Called Strike
0-1: Swinging Strike
0-2: Strikes out looking
Batting: RHB Rodney Hanna 0-0: Hit by Pitch
Pinch Runner at 1st Dennis Morrow:
Batting: SHB Carlos Kramer 0-0: Foul Ball, location: 2F
0-1: Called Strike
0-2: Ball
1-2: Strikes out swinging
Batting: RHB Miguel Morán 0-0: Fly out, F7 (Flyball, 78S)
Top of the 5th over - 0 run(s), 0 hit(s), 0 error(s), 1 left on base; Austin 1 - Wizarding 0
BOTTOM OF THE 5TH
Wizarding Express batting - Pitching for Austin Rangers : RHP Art Adams
Now at SS: Dennis Morrow
Batting: LHB António Boccanegra 0-0: Foul Ball, location: 2F
0-1: Ball
1-1: Ball
2-1: Foul Ball, location: 2F
2-2: Foul Ball, location: 2F
2-2: Fly out, F7 (Line Drive, 7S)
Batting: LHB Kyung-chor Pang 0-0: Bunted foul
0-1: Called Strike
0-2: Ball
1-2: Ball
2-2: Ball
3-2: Strikes out looking
Batting: LHB José Corona 0-0: Called Strike
0-1: Swinging Strike
0-2: Ball
1-2: Ball
2-2: Ball
3-2: Foul Ball, location: 2F
3-2: Foul Ball, location: 2F
3-2: Base on Balls
Batting: SHB Emílio Gonzáles 0-0: Called Strike
0-1: Ball
1-1: Ball
2-1: Fielders Choice at 2nd, U6 (Groundball, 6M)
Bottom of the 5th over - 0 run(s), 0 hit(s), 0 error(s), 1 left on base; Austin 1 - Wizarding 0
TOP OF THE 6TH
Austin Rangers batting - Pitching for Wizarding Express : RHP Ralph McKinney
Batting: LHB Héctor Cortéz 0-0: Ball
1-0: Ball
2-0: Called Strike
2-1: Ball
3-1: Called Strike
3-2: Strikes out swinging
Batting: LHB Count Dante 0-0: Foul Ball, location: 2F
0-1: DOUBLE (Line Drive, 78M)
Batting: LHB Jesús Reyes 0-0: Called Strike
0-1: Swinging Strike
0-2: Strikes out swinging
Batting: RHB Jeff Green 0-0: Ball
1-0: Called Strike
1-1: Swinging Strike
1-2: Ball
2-2: Strikes out swinging
Top of the 6th over - 0 run(s), 1 hit(s), 0 error(s), 1 left on base; Austin 1 - Wizarding 0
BOTTOM OF THE 6TH
Wizarding Express batting - Pitching for Austin Rangers : RHP Art Adams
Batting: RHB António Martínez 0-0: Foul Ball, location: 2F
0-1: Called Strike
0-2: Foul Ball, location: 2F
0-2: Ball
1-2: Foul Ball, location: 2F
1-2: Foul Ball, location: 2F
1-2: Foul Ball, location: 2F
1-2: Foul Ball, location: 2F
1-2: Foul Ball, location: 2F
1-2: Ball
2-2: Ball
3-2: Foul Ball, location: 2F
3-2: SINGLE (Line Drive, 34D)
Batting: RHB Rafael Arredondo 0-0: Called Strike
António Martínez is caught stealing 2nd base
0-1: Swinging Strike
0-2: Foul Ball, location: 2F
0-2: Ball
1-2: Fly out, F7 (Flyball, 78M)
Batting: SHB Salvador Trevino 0-0: Fly out, F6 (Popup, 6MS)
Bottom of the 6th over - 0 run(s), 1 hit(s), 0 error(s), 0 left on base; Austin 1 - Wizarding 0
TOP OF THE 7TH
Austin Rangers batting - Pitching for Wizarding Express : RHP Ralph McKinney
Batting: RHB Tony Hernández 0-0: Ball
1-0: Foul Ball, location: 2F
1-1: Ball
2-1: Foul Ball, location: 2F
2-2: Ground out 1-3 (Groundball, 13S)
Batting: RHB Matt Sheppard 0-0: Ball
1-0: Ball
2-0: Called Strike
2-1: Ball
3-1: Ground out 6-3 (Groundball, 56)
Batting: RHB Dennis Morrow 0-0: Ground out 5-3 (Groundball, 56S)
Top of the 7th over - 0 run(s), 0 hit(s), 0 error(s), 0 left on base; Austin 1 - Wizarding 0
BOTTOM OF THE 7TH
Wizarding Express batting - Pitching for Austin Rangers : RHP Art Adams
Batting: LHB Nathan Tanner 0-0: Ball
1-0: Fly out, F8 (Flyball, 8LD)
Batting: LHB John Brewer 0-0: Ball
1-0: Fly out, F7 (Flyball, 7LS)
Batting: LHB António Boccanegra 0-0: Ball
1-0: Ball
2-0: Foul Ball, location: 2F
2-1: Foul Ball, location: 2F
2-2: Ball
3-2: Base on Balls
Batting: LHB Kyung-chor Pang 0-0: Called Strike
0-1: Swinging Strike
0-2: Ball
1-2: Strikes out looking
Bottom of the 7th over - 0 run(s), 0 hit(s), 0 error(s), 1 left on base; Austin 1 - Wizarding 0
TOP OF THE 8TH
Austin Rangers batting - Pitching for Wizarding Express : RHP Ralph McKinney
Batting: SHB Carlos Kramer 0-0: Ball
1-0: Called Strike
1-1: Ball
2-1: Ball
3-1: Called Strike
3-2: Foul Ball, location: 2F
3-2: Base on Balls
Pitching: LHP Eijiro Takahashi
Batting: RHB Miguel Morán 0-0: Ball
Throwing error on steal attempt, E2
Carlos Kramer to third
1-0: Ground out 6-3 (Groundball, 6S)
Batting: LHB Héctor Cortéz 0-0: Ball
1-0: Called Strike
1-1: Swinging Strike
1-2: Ball
2-2: Foul Ball, location: 2F
2-2: Foul Ball, location: 2F
2-2: Foul Ball, location: 2F
2-2: Ball
3-2: Strikes out swinging
Batting: LHB Count Dante 0-0: Ball
1-0: Ball
2-0: Ball
3-0: Base on Balls
Batting: LHB Jesús Reyes 0-0: Foul Ball, location: 2F
0-1: Foul Ball, location: 2F
0-2: Strikes out swinging
Top of the 8th over - 0 run(s), 0 hit(s), 1 error(s), 2 left on base; Austin 1 - Wizarding 0
BOTTOM OF THE 8TH
Wizarding Express batting - Pitching for Austin Rangers : RHP Art Adams
Batting: LHB José Corona 0-0: Called Strike
0-1: Swinging Strike
0-2: Strikes out swinging
Batting: SHB Emílio Gonzáles 0-0: Ball
1-0: Ball
2-0: Ball
3-0: Base on Balls
Pitching: RHP Weston Fisher
Batting: RHB António Martínez 0-0: Swinging Strike
0-1: Foul Ball, location: 2F
0-2: Grounds into double play, 5-4-3 (Groundball, 56D)
Bottom of the 8th over - 0 run(s), 0 hit(s), 0 error(s), 0 left on base; Austin 1 - Wizarding 0
TOP OF THE 9TH
Austin Rangers batting - Pitching for Wizarding Express : LHP Eijiro Takahashi
Batting: RHB Jeff Green 0-0: Foul Ball, location: 2F
0-1: Ball
1-1: Swinging Strike
1-2: Ball
2-2: Ball
3-2: Strikes out swinging
Batting: RHB Tony Hernández 0-0: Called Strike
0-1: Swinging Strike
0-2: Ball
1-2: Foul Ball, location: 2F
1-2: Ground out 4-3 (Groundball, 34)
Batting: RHB Matt Sheppard 0-0: SINGLE (Groundball, 6D)
Batting: RHB Dennis Morrow 0-0: Ball
1-0: Ball
2-0: Fielders Choice at 2nd, 6-4 (Groundball, 6)
Top of the 9th over - 0 run(s), 1 hit(s), 0 error(s), 0 left on base; Austin 1 - Wizarding 0
BOTTOM OF THE 9TH
Wizarding Express batting - Pitching for Austin Rangers : RHP Weston Fisher
Pitching: RHP Gavin Blackburn
Batting: RHB Rafael Arredondo 0-0: Called Strike
0-1: Called Strike
0-2: Ball
1-2: Strikes out looking
Batting: SHB Salvador Trevino 0-0: Ball
1-0: Ball
2-0: Called Strike
2-1: Foul Ball, location: 2F
2-2: Fly out, F7 (Flyball, 78D)
Batting: LHB Nathan Tanner 0-0: Foul Ball, location: 2F
0-1: Ground out 4-3 (Groundball, 4)
Bottom of the 9th over - 0 run(s), 0 hit(s), 0 error(s), 0 left on base; Austin 1 - Wizarding 0
Saturday, May 26th, 2018 - OOTP Baseball 17.12 Build 75